 Dungeon Crawl Stone Soup version 0.29.1-12-g30fa7ad0bf (webtiles) character file.

Game seed: 4988632603134918209

88 wormed the Cutter (level 4, 0/29 HPs)
             Began as a Kobold Abyssal Knight on Dec 24, 2022.
             Was a Priest of Lugonu.
             Slain by an orc priest
             ... wielding a +0 hand axe
              (4 damage)
             ... on level 2 of the Dungeon.
             The game lasted 00:05:10 (3382 turns).

wormed the Cutter (Kobold Abyssal Knight)           Turns: 3382, Time: 00:05:10

Health: 0/29       AC:  4    Str: 10    XL:     4   Next: 81%
Magic:  5/5        EV: 15    Int: 11    God:    Lugonu [***...]
Gold:   91         SH:  0    Dex: 17    Spells: 3/3 levels left

rFire   . . .      SeeInvis .   a - +1 short sword
rCold   . . .      Faith    .   (no shield)
rNeg    . . .      Spirit   .   b - +0 leather armour
rPois   .          Reflect  .   c - +0 helmet
rElec   .          Harm     .   (no cloak)
rCorr   +          Rampage  .   (no gloves)
Will    .....                   (no boots)
Stlth   +++.......              (no amulet)
HPRegen 0.09/turn               f - ring of resist corrosion
MPRegen 0.09/turn               (no ring)

@: attractive
A: small, no large weapons, nightstalker 3
a: Renounce Religion, Depart the Abyss, Bend Space, Banish


You were on level 2 of the Dungeon.
You worshipped Lugonu.
Lugonu was most pleased with you.
You visited 1 branch of the dungeon, and saw 3 of its levels.
You visited the Abyss 1 time.

You collected 91 gold pieces.

Inventory:

Hand Weapons
 a - a +1 short sword (weapon)
Armour
 b - a +0 leather armour (worn)
 c - a +0 helmet (worn)
Jewellery
 f - a ring of resist corrosion (left hand)
Scrolls
 g - a scroll of butterflies {unknown}
 i - 2 scrolls of brand weapon {unknown}
 j - a scroll of amnesia {unknown}
 l - a scroll of enchant weapon {unknown}
 m - a scroll of identify {unknown}


   Skills:
 + Level 3.7 Fighting
 * Level 4.2 Short Blades
 + Level 1.4 Armour
 + Level 3.1 Dodging
 + Level 2.2 Stealth
 - Level 2.0 Invocations


You had 3 spell levels left.
You didn't know any spells.
Your spell library was empty.

Dungeon Overview and Level Annotations

Branches:
Dungeon (3/15)

Altars:
Fedhas


Innate Abilities, Weirdness & Mutations

You are small and have problems with some larger weapons.
You are completely attuned to the shadows.


Message History

The orc priest is moderately wounded.
The orc priest closely misses you.
You closely miss the orc priest.
The orc priest is moderately wounded.
The orc priest barely misses you.
You closely miss the orc priest.
The orc priest is moderately wounded.
You completely miss the orc priest.
The orc priest is moderately wounded.
The orc priest closely misses you.
You hit the orc priest but do no damage.
The orc priest is moderately wounded.
The orc priest miscasts a cantrip.
You hit the orc priest.
The orc priest is moderately wounded.
The orc priest invokes the aid of Beogh against you.
Beogh smites you!
* * * LOW HITPOINT WARNING * * *
As you read the scroll labelled XYLE TETOXUALE, it crumbles to dust.
You feel aware of your surroundings.
You sensed 3 altars.
It was a scroll of magic mapping.
The orc priest barely misses you.
Blink to where?
Press: ? - help, Dir - move target
As you read the scroll labelled INAXZU GIDINI, it crumbles to dust.
It was a scroll of blinking.
The orc priest is attracted toward you.
Blink to where?
Press: ? - help, Dir - move target
As you read the scroll of blinking, it crumbles to dust.
The orc priest is attracted toward you.
Blink to where?
Press: ? - help, Dir - move target
As you read the scroll of blinking, it crumbles to dust.
The orc priest is attracted toward you. The orc priest barely misses you.
You climb upwards.
There is a stone staircase leading down here.
You hit the orc priest.
The orc priest is severely wounded.
The orc priest hits you with a +0 hand axe.
You die...

.......###### #.##
............# ##.# #
######.#....# ####..# #
# #.#....# #....## # #
#.#....# ##.#### # #
#.##...# #..# #
######.##...# #.## #
.......##...####.#
#########.......@######
#.......o.....#
###...........# ###
#...........# ..#
#...........# #.#
##...........# #.#
#............# #.#
#[...........# #.#
#............#


You could see an orc priest.

Vanquished Creatures
  2 adders
  A worm (D:3)
  4 dart slugs
  4 ball pythons (D:1)
  6 bats
  5 endoplasms
  7 giant cockroaches (D:1)
  9 goblins
  6 hobgoblins (D:1)
  2 quokkas
  A frilled lizard (D:2)
  2 kobolds (D:1)
  3 rats
52 creatures vanquished.

Notes
Turn   | Place    | Note
-------+----------+-------------------------------------------
     0 | Abyss:1  | wormed the Kobold Abyssal Knight began the quest for the
                  | Orb.
     0 | Abyss:1  | Reached XP level 1. HP: 14/14 MP: 2/2
     1 | D:1      | Escaped the Abyss
   272 | D:1      | Reached skill level 3 in Short Blades
   272 | D:1      | Reached XP level 2. HP: 14/19 MP: 3/3
   368 | D:1      | Reached skill level 1 in Armour
   387 | D:1      | Reached skill level 1 in Stealth
   710 | D:1      | Reached XP level 3. HP: 17/23 MP: 4/4
  1030 | D:1      | Reached *** piety under Lugonu
  1312 | D:1      | Found a faded altar of an unknown god.
  1364 | D:1      | Reached XP level 4. HP: 28/28 MP: 5/5
  2274 | D:2      | Reached skill level 4 in Short Blades
  2461 | D:2      | Found a blossoming altar of Fedhas.
  3382 | D:2      | Slain by an orc priest

Illustrated notes

Levels and vault maps discovered:
D:1:      shiori_arrival_oz, layout_basic,
          hellmonk_ecumenical_altar_defaced_shrine,
          chequers_serial_rivers_large_a
D:2:      layout_basic, basic_altar
D:3:      layout_basic, palyth_temple_overflow_mages

Skill      XL: |  1  2  3  4 |
---------------+-------------+-----
Short Blades   | 3 4 |  4.2
Armour         | 1 |  1.4
Stealth        | 1 2 |  2.2
Dodging        | 3 |  3.1
Fighting       | |  3.7
Invocations    | |  2.0

Action                   |  1- 3 |  4- 6 || total
-------------------------+-------+-------++-------
Melee: Short sword       |    93 |    81 ||   174
       Punch             |     2 |       ||     2
  Use: Scroll            |       |     4 ||     4
       Potion            |       |     2 ||     2
 Stab: Sleeping          |    11 |     4 ||    15
Armor: Leather armour    |    16 |     9 ||    25
Dodge: Dodged            |    48 |    48 ||    96
